 Dungeon Crawl Stone Soup version 0.27-a0-1105-g946c659c87 (webtiles) character file.

Game seed: 9965622201585151582

35 HendSelp the Caller (level 3, 0/19 HPs)
             Began as a Deep Elf Summoner on Apr 30, 2021.
             Slain by a hobgoblin (4 damage)
             ... on level 2 of the Dungeon.
             The game lasted 00:02:53 (2717 turns).

HendSelp the Caller (Deep Elf Summoner)             Turns: 2717, Time: 00:02:54

Health: 0/19       AC:  2    Str:  5    XL:     3   Next: 16%
Magic:  2/20       EV: 12    Int: 20    God:
Gold:   32         SH:  0    Dex: 15    Spells: 8/11 levels left

rFire    . . .     SeeInvis .   (no weapon)
rCold    . . .     Faith    .   (no shield)
rNeg     . . .     Spirit   .   a - +0 robe
rPois    .         Reflect  .   (no helmet)
rElec    .         Harm     .   (no cloak)
rCorr    .         Rampage  .   (no gloves)
Will     .....                  (no boots)
Stlth    ++........             (no amulet)
HPRegen  0.06/turn              d - ring of magical power
MPRegen  0.17/turn              (no ring)

@: no status effects
A: no striking features
a: no special abilities


You were on level 2 of the Dungeon.
You visited 1 branch of the dungeon, and saw 2 of its levels.

You collected 32 gold pieces.

Inventory:

Armour
 a - a +0 robe (worn)
Jewellery
 d - a ring of magical power (left hand)
Scrolls
 b - a scroll of summoning {unknown}
Potions
 c - 2 potions of attraction {unknown}


   Skills:
 - Level 2.5 Dodging
 - Level 2.5 Stealth
 + Level 4.5 Spellcasting
 - Level 4.7 Summonings


You had 8 spell levels left.
You knew the following spells:

 Your Spells              Type           Power      Damage    Failure   Level
a - Summon Small Mammal   Summ           92%        N/A       1%          1
b - Call Imp              Summ           23%        N/A       2%          2

Your spell library contained the following spells:

 Spells                   Type           Power      Damage    Failure   Level
 Call Canine Familiar     Summ           23%        N/A       5%          3
 Summon Guardian Golem    Hex/Summ       13%        N/A       14%         3
 Summon Ice Beast         Ice/Summ       13%        N/A       43%         4
 Summon Lightning Spire   Summ/Air       13%        N/A       43%         4


Dungeon Overview and Level Annotations

Branches:
Dungeon (2/15)

Altars:


Message History

Confirm with . or Enter, or press ? or * to list all spells.
A beastly little devil appears in a puff of frigid air.
The hobgoblin hits you.
The kobold barely misses your white imp.
Unknown command.
Your white imp hits the kobold.
Your white imp freezes the kobold.
The kobold dies!
The hobgoblin completely misses you.
Something hits your crimson imp but does no damage.
Casting: Call Imp (safe; 2% risk of failure)
Confirm with . or Enter, or press ? or * to list all spells.
A beastly little devil appears in a puff of flame.
The bat misses your crimson imp. The hobgoblin barely misses you.
The bat hits your crimson imp but does no damage.
Unknown command.
Casting: Call Imp (safe; 2% risk of failure)
Confirm with . or Enter, or press ? or * to list all spells.
A metallic apparition takes form in the air.
The bat hits your crimson imp but does no damage.
The bat misses your crimson imp.
Your crimson imp blinks! x2
The hobgoblin hits you.
* * * LOW HITPOINT WARNING * * *
Your white imp disappears in a puff of smoke!
Your crimson imp barely misses the hobgoblin.
Your crimson imp blinks!
The hobgoblin completely misses you.
Your crimson imp hits the hobgoblin but does no damage.
Your crimson imp disappears in a puff of smoke!
Your crimson imp closely misses the hobgoblin.
Unknown command.
The bat barely misses you. The bat closely misses you.
Your crimson imp misses the hobgoblin.
Your iron imp hits the hobgoblin but does no damage.
The hobgoblin closely misses your iron imp.
Unknown command.
The bat hits you.
* * * LOW HITPOINT WARNING * * *
Your crimson imp hits the hobgoblin.
The hobgoblin hits you.
You die...

...###....#
..<..## .###
#....# ... ..## .#
##...# #.. .#
#...# #.#### ##
#...# #55.5##
##### #...#
#)##..# ....#
#####
#####.###.b5.....
....#
##b......###5..5..
....# ##.g@.5...#
...... ....#
#.5.5.....# .....
#####
#####.#########
..... # #55...#
.... # #####.#####
.... #####5555.#
......#####
.###### ##


You could see a hobgoblin (ally target), a bat, a friendly iron imp (summoned)
and 2 friendly crimson imps.

Vanquished Creatures
  A bat (D:2)
1 creature vanquished.

Vanquished Creatures (collateral kills)
  An adder (D:2)
  A worm (D:2)
  2 dart slugs (D:1)
  3 bats (D:2)
  2 endoplasms
  3 giant cockroaches
  2 goblins (D:2)
  A hobgoblin (D:2)
  7 jackals (D:1)
  2 quokkas (D:2)
  4 ball pythons
  A frilled lizard (D:2)
  2 kobolds (D:2)
  8 rats
39 creatures vanquished.

Grand Total: 40 creatures vanquished

Notes
Turn   | Place    | Note
-------+----------+-------------------------------------------
     0 | D:1      | HendSelp the Deep Elf Summoner began the quest for the Orb.
     0 | D:1      | Reached XP level 1. HP: 10/10 MP: 6/6
   654 | D:1      | Reached XP level 2. HP: 15/15 MP: 0/8
   741 | D:1      | Learned a level 2 spell: Call Imp
  1400 | D:1      | You fall into a shaft and drop 1 floor!
  2031 | D:2      | Reached XP level 3. HP: 19/19 MP: 2/10
  2717 | D:2      | Slain by a hobgoblin

Illustrated notes

Levels and vault maps discovered:
D:1:      scummos_arrival_gate, layout_basic, minmay_misc_feat_nine_boxes,
          minmay_misc_feat_doors, serial_bayou_crossing
D:2:      layout_rooms, hellmonk_ecumenical_altar_leap_of_faith

Skill      XL: |  1  2 |
---------------+-------+-----
Spellcasting   | 4 |  4.5
Dodging        | |  2.5
Stealth        | |  2.5
Summonings     | |  4.7

Action                   || total
-------------------------++-------
Melee: Unarmed           ||     9
 Cast: Summon Small Mamm ||    41
       Call Imp          ||   110
Armor: Robe              ||    10
Dodge: Dodged            ||    56

Table legend: (Time is in decaauts)
 A = Elapsed time spent in this place.
 B = Non-inter-level travel time spent in this place.
 C = Inter-level travel time spent in this place.
 D = Time resting spent in this place.
 E = Time spent auto-exploring this place.
 F = Levels seen in this place.
 G = Mean time per level.
                   A        B        C        D        E       F      G
               +--------+--------+--------+--------+--------+-----+--------+
         Total |   2716 |   2716 |      0 |      0 |   2370 |   2 | 1358.0 |
       Dungeon |   2716 |   2716 |      0 |      0 |   2370 |   2 | 1358.0 |
               +--------+--------+--------+--------+--------+-----+--------+

Top non-repeatable levels by time:
     D:1: 1400 daAuts
     D:2: 1316 daAuts
